Workbook

Sheet REO SUPPLY SUMMARY
D1: REO SUPPLY: MCU Sheet
D3: PO/ ESTIMATE | K3: ACTUALS
A4: AREA | C4: TYPE | D4: QTY | E4: UNIT | F4: COST $ | G4: TOTAL | K4: QTY's | L4: $ | M4: Var Qty | N4: Var $ | O4: Forecast Qty's to GO | P4: Forcast $ TO GO | Q4: SITE Percentage Completed | R4: Percentage of Area Completed
A5: Admin building Reo Supply
A6: Pad Footings | C6: N12 Bar | D6: 0.15 | E6: tonne | F6: 1215 | G6: =D6*F6 -> 182.25 | K6: ='STEEL DOCKET ENTRY'!G52 -> 0 | L6: =SUM(K6*F6) -> 0 | M6: =SUM(K6-D6) -> -0.15 | N6: =SUM(M6*F6) -> -182.25 | O6: =SUM(D6-K6) -> 0.15 | P6: =SUM(G6-L6) -> 182.25 | R6: =IF($G6=0,0,SUM($L6/$G6)) -> 0
A7: Ground Beams | C7: R10 ligs | D7: 1.1892 | E7: tonne | F7: 1315 | G7: =D7*F7 -> 1563.798 | K7: ='STEEL DOCKET ENTRY'!H52 -> 0 | L7: =F7*K7 -> 0 | M7: =SUM(K7-D7) -> -1.1892 | N7: =SUM(M7*F7) -> -1563.798 | O7: =SUM(D7-K7) -> 1.1892 | P7: =SUM(G7-L7) -> 1563.798 | R7: =IF($G7=0,0,SUM($L7/$G7)) -> 0
A8: Ground Beams | C8: Bar | D8: 3.7631 | E8: tonne | F8: 1215 | G8: =D8*F8 -> 4572.1665 | K8: ='STEEL DOCKET ENTRY'!L52 -> 0 | L8: =SUM(K8*F8) -> 0 | M8: =SUM(K8-D8) -> -3.7631 | N8: =SUM(M8*F8) -> -4572.1665 | O8: =SUM(D8-K8) -> 3.7631 | P8: =SUM(G8-L8) -> 4572.1665 | R8: =IF($G8=0,0,SUM($L8/$G8)) -> 0
A9: Retaining Wall | C9: Bar | D9: 1.1047 | E9: tonne | F9: 1215 | G9: =D9*F9 -> 1342.2105 | K9: ='STEEL DOCKET ENTRY'!Q52 -> 0 | L9: =SUM(K9*F9) -> 0 | M9: =SUM(K9-D9) -> -1.1047 | N9: =SUM(M9*F9) -> -1342.2105 | O9: =SUM(D9-K9) -> 1.1047 | P9: =SUM(G9-L9) -> 1342.2105 | R9: =IF($G9=0,0,SUM($L9/$G9)) -> 0
A10: SOG | C10: N16 Bar | D10: 1.8743 | E10: tonne | F10: 1215 | G10: =D10*F10 -> 2277.2745 | K10: ='STEEL DOCKET ENTRY'!V52 -> 0 | L10: =SUM(K10*F10) -> 0 | M10: =SUM(K10-D10) -> -1.8743 | N10: =SUM(M10*F10) -> -2277.2745 | O10: =SUM(D10-K10) -> 1.8743 | P10: =SUM(G10-L10) -> 2277.2745 | R10: =IF($G10=0,0,SUM($L10/$G10)) -> 0
A11: SOG Waffle Pod | C11: 375mm | D11: =(502.36/1.6)*1.15 -> 361.07125 | E11: each | F11: 14 | G11: =D11*F11 -> 5054.9975 | L11: =SUM(K11*F11) -> 0 | M11: =SUM(K11-D11) -> -361.07125 | N11: =SUM(M11*F11) -> -5054.9975 | O11: =SUM(D11-K11) -> 361.07125 | P11: =SUM(G11-L11) -> 5054.9975 | R11: =IF($G11=0,0,SUM($L11/$G11)) -> 0
A12: SOG Waffle Pod | C12: 300mm | D12: =(37.27/1.6)*1.15 -> 26.787812 | E12: each | F12: 9.2 | G12: =D12*F12 -> 246.44787 | L12: =SUM(K12*F12) -> 0 | M12: =SUM(K12-D12) -> -26.787812 | N12: =SUM(M12*F12) -> -246.44787 | O12: =SUM(D12-K12) -> 26.787812 | P12: =SUM(G12-L12) -> 246.44787 | R12: =IF($G12=0,0,SUM($L12/$G12)) -> 0
A13: SOG Waffle Pod | C13: 4 way spacer | D13: 388 | E13: each | F13: 0.9 | G13: =D13*F13 -> 349.2 | L13: =SUM(K13*F13) -> 0 | M13: =SUM(K13-D13) -> -388 | N13: =SUM(M13*F13) -> -349.2 | O13: =SUM(D13-K13) -> 388 | P13: =SUM(G13-L13) -> 349.2 | R13: =IF($G13=0,0,SUM($L13/$G13)) -> 0
A14: SOG Waffle Pod | C14: 2 way spacer | D14: =388/2 -> 194 | E14: each | F14: 0.75 | G14: =D14*F14 -> 145.5 | L14: =SUM(K14*F14) -> 0 | M14: =SUM(K14-D14) -> -194 | N14: =SUM(M14*F14) -> -145.5 | O14: =SUM(D14-K14) -> 194 | P14: =SUM(G14-L14) -> 145.5 | R14: =IF($G14=0,0,SUM($L14/$G14)) -> 0
A15: Stairs | C15: N32 | D15: 0.24 | E15: tonne | F15: 1215 | G15: =D15*F15 -> 291.6 | L15: =SUM(K15*F15) -> 0 | M15: =SUM(K15-D15) -> -0.24 | N15: =SUM(M15*F15) -> -291.6 | O15: =SUM(D15-K15) -> 0.24 | P15: =SUM(G15-L15) -> 291.6 | R15: =IF($G15=0,0,SUM($L15/$G15)) -> 0
A16: Driveway | C16: R10 ligs | D16: =0.05*1.05 -> 0.0525 | E16: tonne | F16: 1315 | G16: =D16*F16 -> 69.0375 | L16: =SUM(K16*F16) -> 0 | M16: =SUM(K16-D16) -> -0.0525 | N16: =SUM(M16*F16) -> -69.0375 | O16: =SUM(D16-K16) -> 0.0525 | P16: =SUM(G16-L16) -> 69.0375 | R16: =IF($G16=0,0,SUM($L16/$G16)) -> 0
A17: Driveway | C17: N12 Bar | D17: =(0.21+0.0256)*1.05 -> 0.24738 | E17: tonne | F17: 1215 | G17: =D17*F17 -> 300.5667 | L17: =SUM(K17*F17) -> 0 | M17: =SUM(K17-D17) -> -0.24738 | N17: =SUM(M17*F17) -> -300.5667 | O17: =SUM(D17-K17) -> 0.24738 | P17: =SUM(G17-L17) -> 300.5667 | R17: =IF($G17=0,0,SUM($L17/$G17)) -> 0
A18: Admin Walkway Reo Supply
A19: Ground Beam | C19: Bar | D19: 1.0101 | E19: tonne | F19: 1215 | G19: =D19*F19 -> 1227.2715 | L19: =SUM(K19*F19) -> 0 | M19: =SUM(K19-D19) -> -1.0101 | N19: =SUM(M19*F19) -> -1227.2715 | O19: =SUM(D19-K19) -> 1.0101 | P19: =SUM(G19-L19) -> 1227.2715 | R19: =IF($G19=0,0,SUM($L19/$G19)) -> 0
A20: SOG Waffle Pod | C20: 225mm | D20: =(186.18/1.6)*1.15 -> 133.81687 | E20: each | F20: 7.7 | G20: =D20*F20 -> 1030.3899 | L20: =SUM(K20*F20) -> 0 | M20: =SUM(K20-D20) -> -133.81687 | N20: =SUM(M20*F20) -> -1030.3899 | O20: =SUM(D20-K20) -> 133.81687 | P20: =SUM(G20-L20) -> 1030.3899 | R20: =IF($G20=0,0,SUM($L20/$G20)) -> 0
A21: SOG Waffle Pod | C21: 395mm | D21: =(23.66/1.6)*1.15 -> 17.005625 | E21: each | F21: 17.5 | G21: =D21*F21 -> 297.59844 | L21: =SUM(K21*F21) -> 0 | M21: =SUM(K21-D21) -> -17.005625 | N21: =SUM(M21*F21) -> -297.59844 | O21: =SUM(D21-K21) -> 17.005625 | P21: =SUM(G21-L21) -> 297.59844 | R21: =IF($G21=0,0,SUM($L21/$G21)) -> 0
A22: SOG Waffle Pod | C22: 4 way spacer | D22: 134 | E22: each | F22: 0.9 | G22: =D22*F22 -> 120.6 | L22: =SUM(K22*F22) -> 0 | M22: =SUM(K22-D22) -> -134 | N22: =SUM(M22*F22) -> -120.6 | O22: =SUM(D22-K22) -> 134 | P22: =SUM(G22-L22) -> 120.6 | R22: =IF($G22=0,0,SUM($L22/$G22)) -> 0
A23: SOG Waffle Pod | C23: 2 way spacer | D23: =D22/2 -> 67 | E23: each | F23: 0.75 | G23: =D23*F23 -> 50.25 | L23: =SUM(K23*F23) -> 0 | M23: =SUM(K23-D23) -> -67 | N23: =SUM(M23*F23) -> -50.25 | O23: =SUM(D23-K23) -> 67 | P23: =SUM(G23-L23) -> 50.25 | R23: =IF($G23=0,0,SUM($L23/$G23)) -> 0
A24: Hall Reo Supply
A25: Pad Footings | C25: N12 Bar | D25: 2.33 | E25: tonne | F25: 1215 | G25: =D25*F25 -> 2830.95 | K25: ='REO SUPPLY ENTRY'!K41 -> 1.768 | L25: =SUM(K25*F25) -> 2148.12 | M25: =SUM(K25-D25) -> -0.562 | N25: =SUM(M25*F25) -> -682.83 | O25: =SUM(D25-K25) -> 0.562 | P25: =SUM(G25-L25) -> 682.83 | R25: =IF($G25=0,0,SUM($L25/$G25)) -> 0.75879828
A26: Ground Beams | C26: R10 ligs | D26: 2.16 | E26: tonne | F26: 1315 | G26: =D26*F26 -> 2840.4 | L26: =SUM(K26*F26) -> 0 | M26: =SUM(K26-D26) -> -2.16 | N26: =SUM(M26*F26) -> -2840.4 | O26: =SUM(D26-K26) -> 2.16 | P26: =SUM(G26-L26) -> 2840.4 | R26: =IF($G26=0,0,SUM($L26/$G26)) -> 0
A27: Ground Beams | C27: Bar | D27: 7.5476 | E27: tonne | F27: 1215 | G27: =D27*F27 -> 9170.334 | L27: =SUM(K27*F27) -> 0 | M27: =SUM(K27-D27) -> -7.5476 | N27: =SUM(M27*F27) -> -9170.334 | O27: =SUM(D27-K27) -> 7.5476 | P27: =SUM(G27-L27) -> 9170.334 | R27: =IF($G27=0,0,SUM($L27/$G27)) -> 0
A28: SOG | C28: N16 Bar | D28: 0.23 | E28: tonne | F28: 1215 | G28: =D28*F28 -> 279.45 | L28: =SUM(K28*F28) -> 0 | M28: =SUM(K28-D28) -> -0.23 | N28: =SUM(M28*F28) -> -279.45 | O28: =SUM(D28-K28) -> 0.23 | P28: =SUM(G28-L28) -> 279.45 | R28: =IF($G28=0,0,SUM($L28/$G28)) -> 0
A29: SOG Waffle Pods | C29: 300mm | D29: 43 | E29: each | F29: 9.2 | G29: =D29*F29 -> 395.6 | L29: =SUM(K29*F29) -> 0 | M29: =SUM(K29-D29) -> -43 | N29: =SUM(M29*F29) -> -395.6 | O29: =SUM(D29-K29) -> 43 | P29: =SUM(G29-L29) -> 395.6 | R29: =IF($G29=0,0,SUM($L29/$G29)) -> 0
A30: SOG Waffle Pods | C30: 375mm | D30: =969.99*1.15 -> 1115.4885 | E30: each | F30: 14 | G30: =D30*F30 -> 15616.839 | L30: =SUM(K30*F30) -> 0 | M30: =SUM(K30-D30) -> -1115.4885 | N30: =SUM(M30*F30) -> -15616.839 | O30: =SUM(D30-K30) -> 1115.4885 | P30: =SUM(G30-L30) -> 15616.839 | R30: =IF($G30=0,0,SUM($L30/$G30)) -> 0
A31: SOG Waffle Pod | C31: 4 way spacer | D31: 1116 | E31: each | F31: 0.9 | G31: =D31*F31 -> 1004.4 | L31: =SUM(K31*F31) -> 0 | M31: =SUM(K31-D31) -> -1116 | N31: =SUM(M31*F31) -> -1004.4 | O31: =SUM(D31-K31) -> 1116 | P31: =SUM(G31-L31) -> 1004.4 | R31: =IF($G31=0,0,SUM($L31/$G31)) -> 0
A32: SOG Waffle Pod | C32: 2 way spacer | D32: =D31/2 -> 558 | E32: each | F32: 0.75 | G32: =D32*F32 -> 418.5 | L32: =SUM(K32*F32) -> 0 | M32: =SUM(K32-D32) -> -558 | N32: =SUM(M32*F32) -> -418.5 | O32: =SUM(D32-K32) -> 558 | P32: =SUM(G32-L32) -> 418.5 | R32: =IF($G32=0,0,SUM($L32/$G32)) -> 0
A33: Driveway | C33: R10 ligs | D33: 0.06 | E33: tonne | F33: 1315 | G33: =D33*F33 -> 78.9 | L33: =SUM(K33*F33) -> 0 | M33: =SUM(K33-D33) -> -0.06 | N33: =SUM(M33*F33) -> -78.9 | O33: =SUM(D33-K33) -> 0.06 | P33: =SUM(G33-L33) -> 78.9 | R33: =IF($G33=0,0,SUM($L33/$G33)) -> 0
A34: Driveway | C34: N12 Bar | D34: 0.27 | E34: tonne | F34: 1215 | G34: =D34*F34 -> 328.05 | L34: =SUM(K34*F34) -> 0 | M34: =SUM(K34-D34) -> -0.27 | N34: =SUM(M34*F34) -> -328.05 | O34: =SUM(D34-K34) -> 0.27 | P34: =SUM(G34-L34) -> 328.05 | R34: =IF($G34=0,0,SUM($L34/$G34)) -> 0
A35: Hall Walkway Reo Supply
A36: Ground Beams | C36: Bar | D36: 0.145 | E36: tonne | F36: 1215 | G36: =D36*F36 -> 176.175 | L36: =SUM(K36*F36) -> 0 | M36: =SUM(K36-D36) -> -0.145 | N36: =SUM(M36*F36) -> -176.175 | O36: =SUM(D36-K36) -> 0.145 | P36: =SUM(G36-L36) -> 176.175 | R36: =IF($G36=0,0,SUM($L36/$G36)) -> 0
A37: SOG | C37: Bar | D37: 0.01 | E37: tonne | F37: 1215 | G37: =D37*F37 -> 12.15 | L37: =SUM(K37*F37) -> 0 | M37: =SUM(K37-D37) -> -0.01 | N37: =SUM(M37*F37) -> -12.15 | O37: =SUM(D37-K37) -> 0.01 | P37: =SUM(G37-L37) -> 12.15 | R37: =IF($G37=0,0,SUM($L37/$G37)) -> 0
A38: SOG Waffle Pod | C38: 225mm | D38: =(1767/1.6)*1.15 -> 1270.0312 | E38: each | F38: 7.7 | G38: =D38*F38 -> 9779.2406 | L38: =SUM(K38*F38) -> 0 | M38: =SUM(K38-D38) -> -1270.0312 | N38: =SUM(M38*F38) -> -9779.2406 | O38: =SUM(D38-K38) -> 1270.0312 | P38: =SUM(G38-L38) -> 9779.2406 | R38: =IF($G38=0,0,SUM($L38/$G38)) -> 0
A39: SOG Waffle Pod | C39: 4 way spacer | D39: 1270 | E39: each | F39: 0.9 | G39: =D39*F39 -> 1143 | L39: =SUM(K39*F39) -> 0 | M39: =SUM(K39-D39) -> -1270 | N39: =SUM(M39*F39) -> -1143 | O39: =SUM(D39-K39) -> 1270 | P39: =SUM(G39-L39) -> 1143 | R39: =IF($G39=0,0,SUM($L39/$G39)) -> 0
A40: SOG Waffle Pod | C40: 2 way spacer | D40: =D39/2 -> 635 | E40: each | F40: 0.75 | G40: =D40*F40 -> 476.25 | L40: =SUM(K40*F40) -> 0 | M40: =SUM(K40-D40) -> -635 | N40: =SUM(M40*F40) -> -476.25 | O40: =SUM(D40-K40) -> 635 | P40: =SUM(G40-L40) -> 476.25 | R40: =IF($G40=0,0,SUM($L40/$G40)) -> 0
A41: Courts Reo Supply
A42: Ground Beams | C42: Bar | D42: 6.66 | E42: tonne | F42: 1215 | G42: =D42*F42 -> 8091.9 | L42: =SUM(K42*F42) -> 0 | M42: =SUM(K42-D42) -> -6.66 | N42: =SUM(M42*F42) -> -8091.9 | O42: =SUM(D42-K42) -> 6.66 | P42: =SUM(G42-L42) -> 8091.9 | R42: =IF($G42=0,0,SUM($L42/$G42)) -> 0
A43: SOG | C43: Bar | D43: 0.25 | E43: tonne | F43: 1215 | G43: =D43*F43 -> 303.75 | L43: =SUM(K43*F43) -> 0 | M43: =SUM(K43-D43) -> -0.25 | N43: =SUM(M43*F43) -> -303.75 | O43: =SUM(D43-K43) -> 0.25 | P43: =SUM(G43-L43) -> 303.75 | R43: =IF($G43=0,0,SUM($L43/$G43)) -> 0
A44: SOG Waffle Pod | C44: 225mm | D44: 34 | E44: each | F44: 7.7 | G44: =D44*F44 -> 261.8 | L44: =SUM(K44*F44) -> 0 | M44: =SUM(K44-D44) -> -34 | N44: =SUM(M44*F44) -> -261.8 | O44: =SUM(D44-K44) -> 34 | P44: =SUM(G44-L44) -> 261.8 | R44: =IF($G44=0,0,SUM($L44/$G44)) -> 0
A45: SOG Waffle Pod | C45: 4 way spacer | D45: =77 -> 77 | E45: each | F45: 0.9 | G45: =D45*F45 -> 69.3 | L45: =SUM(K45*F45) -> 0 | M45: =SUM(K45-D45) -> -77 | N45: =SUM(M45*F45) -> -69.3 | O45: =SUM(D45-K45) -> 77 | P45: =SUM(G45-L45) -> 69.3 | R45: =IF($G45=0,0,SUM($L45/$G45)) -> 0
A46: SOG Waffle Pod | C46: 2 way spacer | D46: =D45/2 -> 38.5 | E46: each | F46: 0.75 | G46: =D46*F46 -> 28.875 | L46: =SUM(K46*F46) -> 0 | M46: =SUM(K46-D46) -> -38.5 | N46: =SUM(M46*F46) -> -28.875 | O46: =SUM(D46-K46) -> 38.5 | P46: =SUM(G46-L46) -> 28.875 | R46: =IF($G46=0,0,SUM($L46/$G46)) -> 0
A47: Sundries
A48: Ancillaries 5% | G48: 5330.66 | L48: =SUM(K48*F48) -> 0 | M48: =SUM(K48-D48) -> 0 | N48: =SUM(M48*F48) -> 0 | O48: =SUM(D48-K48) -> 0 | P48: =SUM(G48-L48) -> 5330.66 | R48: =IF($G48=0,0,SUM($L48/$G48)) -> 0
A49: Diamond Danely Dowel | C49: 6mm | D49: 480 | E49: each | F49: 7.44 | G49: =D49*F49 -> 3571.2 | L49: =SUM(K49*F49) -> 0 | M49: =SUM(K49-D49) -> -480 | N49: =SUM(M49*F49) -> -3571.2 | O49: =SUM(D49-K49) -> 480 | P49: =SUM(G49-L49) -> 3571.2 | R49: =IF($G49=0,0,SUM($L49/$G49)) -> 0
A50: Mesh | C50: SL102 | D50: 464 | E50: Sheet | F50: 93.6 | G50: =D50*F50 -> 43430.4 | L50: =SUM(K50*F50) -> 0 | M50: =SUM(K50-D50) -> -464 | N50: =SUM(M50*F50) -> -43430.4 | O50: =SUM(D50-K50) -> 464 | P50: =SUM(G50-L50) -> 43430.4 | R50: =IF($G50=0,0,SUM($L50/$G50)) -> 0
A51: Mesh | C51: SL82 | D51: 120 | E51: Sheet | F51: 59.8 | G51: =D51*F51 -> 7176 | L51: =SUM(K51*F51) -> 0 | M51: =SUM(K51-D51) -> -120 | N51: =SUM(M51*F51) -> -7176 | O51: =SUM(D51-K51) -> 120 | P51: =SUM(G51-L51) -> 7176 | R51: =IF($G51=0,0,SUM($L51/$G51)) -> 0
A52: Mesh | C52: SL72 | D52: 2 | E52: Sheet | F52: 46.8 | G52: =D52*F52 -> 93.6 | L52: =SUM(K52*F52) -> 0 | M52: =SUM(K52-D52) -> -2 | N52: =SUM(M52*F52) -> -93.6 | O52: =SUM(D52-K52) -> 2 | P52: =SUM(G52-L52) -> 93.6 | R52: =IF($G52=0,0,SUM($L52/$G52)) -> 0
A53: Trench Mesh | C53: 3L11TM | D53: 728 | E53: Sheet | F53: 16.9 | G53: =D53*F53 -> 12303.2 | L53: =SUM(K53*F53) -> 0 | M53: =SUM(K53-D53) -> -728 | N53: =SUM(M53*F53) -> -12303.2 | O53: =SUM(D53-K53) -> 728
A54: Pod Freight | D54: 13 | E54: each | F54: 1100 | G54: =D54*F54 -> 14300 | L54: =SUM(K54*F54) -> 0 | M54: =SUM(K54-D54) -> -13 | N54: =SUM(M54*F54) -> -14300 | O54: =SUM(D54-K54) -> 13 | P54: =SUM(G54-L54) -> 14300 | R54: =IF($G54=0,0,SUM($L54/$G54)) -> 0
A55: Pod Rails | D55: 294 | E55: Bag | F55: 12.5 | G55: =D55*F55 -> 3675 | L55: =SUM(K55*F55) -> 0 | M55: =SUM(K55-D55) -> -294 | N55: =SUM(M55*F55) -> -3675 | O55: =SUM(D55-K55) -> 294 | P55: =SUM(G55-L55) -> 3675 | R55: =IF($G55=0,0,SUM($L55/$G55)) -> 0
A56: Reo Delivery | D56: 6 | E56: each | F56: 750 | G56: =D56*F56 -> 4500 | L56: =SUM(K56*F56) -> 0 | M56: =SUM(K56-D56) -> -6 | N56: =SUM(M56*F56) -> -4500 | O56: =SUM(D56-K56) -> 6 | P56: =SUM(G56-L56) -> 4500 | R56: =IF($G56=0,0,SUM($L56/$G56)) -> 0
A57: Pod Scrap Collection | D57: 11 | E57: times | F57: 65 | G57: =D57*F57 -> 715 | L57: =SUM(K57*F57) -> 0 | M57: =SUM(K57-D57) -> -11 | N57: =SUM(M57*F57) -> -715 | O57: =SUM(D57-K57) -> 11 | P57: =SUM(G57-L57) -> 715 | R57: =IF($G57=0,0,SUM($L57/$G57)) -> 0
K62: 3 | L62: =SUM(K62*F62) -> 0 | M62: =SUM(K62-D62) -> 3 | N62: =SUM(M62*F62) -> 0 | O62: =SUM(D62-K62) -> -3 | P62: =SUM(G62-L65) -> 0 | R62: =IF($G62=0,0,SUM($L62/$G62)) -> 0
K64: 1 | L64: =SUM(K64*F64) -> 0
K65: ='STEEL DOCKET ENTRY'!W52 -> 0 | L65: =SUM(K65*F65) -> 0
K66: ='STEEL DOCKET ENTRY'!X52 -> 0 | L66: =SUM(K66*F66) -> 0
K67: ='STEEL DOCKET ENTRY'!Y52 -> 0 | L67: =SUM(K67*F67) -> 0
D69: =SUM(D6:D68) -> 9625.9952 | G69: =SUM(G6:G68) -> 167522.08 | H69: =SUM(H6:H68) -> 0 | I69: =SUM(I6:I68) -> 0 | L69: =SUM(L6:L68) -> 2148.12 | M69: =SUM(M6:M68) -> -9621.2272 | N69: =SUM(N6:N68) -> -160043.3 | O69: =SUM(O6:O68) -> 9621.2272 | P69: =SUM(P6:P68) -> 153070.76 | R69: =SUM(R6:R8) -> 0
A71: TOTAL DELIVERIES $ COST | L71: =SUM('STEEL DOCKET ENTRY'!AC52) -> 0
A72: TOTAL INVOICES PROCESSED:
K73: Other Invoices Processed on Code
K74: Pending Invoices in Jobpac
A75: FORECAST TO GO
K76: Left on Purchase Order
A77: FORECAST FINAL COST

Sheet REO SUPPLY SUMMARY (2)
D1: REO SUPPLY: MCU Sheet
D3: PO/ ESTIMATE | H3: ACTUALS
A4: AREA | C4: Status | D4: Budget | H4: QTY's | I4: Var $ | J4: Forcast $ TO GO | K4: SITE Percentage Completed | L4: Percentage of Area Completed
A5: Admin building Reo Supply
A6: Admin building Reo Supply | D6: ='REO SUPPLY ENTRY'!G27 -> 23700.784 | H6: ='REO SUPPLY ENTRY'!Q27 -> 0 | I6: =D6-H6 -> 23700.784 | J6: =F6-I6 -> -23700.784 | L6: =IF(#REF!=0,0,SUM(#REF!/#REF!)) -> #REF!
A7: Admin Walkway Reo Supply | D7: ='REO SUPPLY ENTRY'!G39 -> 5696.6715 | H7: ='REO SUPPLY ENTRY'!Q39 -> 0 | I7: =D7-H7 -> 5696.6715 | J7: =F7-I7 -> -5696.6715 | L7: =IF(#REF!=0,0,SUM(#REF!/#REF!)) -> #REF!
A8: Hall Reo Supply | D8: ='REO SUPPLY ENTRY'!G61 -> 46322.789 | H8: ='REO SUPPLY ENTRY'!Q61 -> 3243.31 | I8: =D8-H8 -> 43079.479 | J8: =F8-I8 -> -43079.479 | L8: =IF(#REF!=0,0,SUM(#REF!/#REF!)) -> #REF!
A9: Hall Walkway Reo Supply | D9: ='REO SUPPLY ENTRY'!G72 -> 1678.125 | H9: ='REO SUPPLY ENTRY'!Q72 -> 0 | I9: =D9-H9 -> 1678.125 | J9: =F9-I9 -> -1678.125 | L9: =IF(#REF!=0,0,SUM(#REF!/#REF!)) -> #REF!
A10: Courts Reo Supply | D10: ='REO SUPPLY ENTRY'!G82 -> 26899.85 | H10: ='REO SUPPLY ENTRY'!Q82 -> 0 | I10: =D10-H10 -> 26899.85 | J10: =F10-I10 -> -26899.85 | L10: =IF(#REF!=0,0,SUM(#REF!/#REF!)) -> #REF!
A11: SUBTOTAL TO DATE | D11: =SUM(D6:F10) -> 104298.22 | H11: =SUM(H6:H10) -> 3243.31 | I11: =SUM(I6:I10) -> 101054.91
A12: Percentage Complete | B12: =H11/D11 -> 0.031096504
A13: Percentage +/- | B13: =(H11/D11)-1 -> -0.9689035
A14: Forecast | B14: =D11 -> 104298.22
A15: Adjusted FFC | B15: =D11-I11 -> 3243.31
A16: FFC Variance to Forecast | B16: =B14-B15 -> 101054.91

Sheet REO SUPPLY ENTRY
D1: REO SUPPLY: MCU Sheet
D3: PO/ ESTIMATE | K3: ACTUALS
A4: AREA | C4: TYPE | D4: QTY | E4: UNIT | F4: COST $ | G4: TOTAL | K4: Delivery 1 | M4: Delivery 2 | O4: Delivery 3 | Q4: Total | R4: Qty Var | S4: $ Var | T4: Invoice No. | U4: Date
K5: QTY's | L5: $ Rate | M5: QTY's | N5: $ Rate | O5: QTY's | P5: $ Rate
A6: Admin building Reo Supply
A7: Pad Footings | C7: N12 Bar | D7: 0.15 | E7: tonne | F7: 1215 | G7: =D7*F7 -> 182.25 | Q7: =K7*L7 -> 0
A8: Ground Beams | C8: R10 ligs | D8: 1.1892 | E8: tonne | F8: 1315 | G8: =D8*F8 -> 1563.798 | Q8: =K8*L8 -> 0
A9: Ground Beams | C9: N12 Bar | D9: 2.0731 | E9: tonne | F9: 1215 | G9: =D9*F9 -> 2518.8165 | Q9: =K9*L9 -> 0
A10: Ground Beams | C10: N16 Bar | D10: 1.69 | E10: tonne | F10: 1215 | G10: =D10*F10 -> 2053.35 | Q10: =K10*L10 -> 0
A11: 200mm Slab Reo | C11: N12 Bar | D11: 0.1542 | E11: tonne | F11: 1215 | G11: =D11*F11 -> 187.353 | Q11: =K11*L11 -> 0
A12: Retaining Wall | C12: N16 Bar | D12: =0.5999+0.1539 -> 0.7538 | E12: tonne | F12: 1215 | G12: =D12*F12 -> 915.867 | Q12: =K12*L12 -> 0
A13: Retaining Wall | C13: N12 Bar | D13: 0.3509 | E13: tonne | F13: 1215 | G13: =D13*F13 -> 426.3435 | Q13: =K13*L13 -> 0
A14: SOG | C14: N16 Bar | D14: 1.7201 | E14: tonne | F14: 1215 | G14: =D14*F14 -> 2089.9215 | Q14: =K14*L14 -> 0
A15: SOG | C15: SL102 | D15: 67 | E15: Sheet | F15: 93.6 | G15: =D15*F15 -> 6271.2 | Q15: =K15*L15 -> 0
A16: SOG | C16: SL72 | D16: 2 | E16: Sheet | F16: 46.8 | G16: =D16*F16 -> 93.6 | Q16: =K16*L16 -> 0
A17: SOG | C17: 3L11TM | D17: 192 | E17: Sheet | F17: 16.9 | G17: =D17*F17 -> 3244.8 | Q17: =K17*L17 -> 0
A18: SOG | Q18: =K18*L18 -> 0
A19: SOG | Q19: =K19*L19 -> 0
A20: SOG | Q20: =K20*L20 -> 0
A21: SOG | Q21: =K21*L21 -> 0
A22: Stairs | C22: N32 | D22: 0.24 | E22: tonne | F22: 1215 | G22: =D22*F22 -> 291.6 | Q22: =K22*L22 -> 0
A23: Driveway | C23: SL82 | D23: 37 | E23: Sheet | F23: 59.8 | G23: =D23*F23 -> 2212.6 | Q23: =K23*L23 -> 0
A24: Driveway | C24: R10 ligs | D24: =0.05*1.05 -> 0.0525 | E24: tonne | F24: 1315 | G24: =D24*F24 -> 69.0375 | Q24: =K24*L24 -> 0
A25: Driveway | C25: N12 Bar | D25: =(0.21+0.0256)*1.05 -> 0.24738 | E25: tonne | F25: 1215 | G25: =D25*F25 -> 300.5667 | Q25: =K25*L25 -> 0
A26: Driveway | C26: DDD 6mm | D26: 172 | E26: each | F26: 7.44 | G26: =D26*F26 -> 1279.68 | Q26: =K26*L26 -> 0
A27: Area Total | G27: =SUM(G7:G26) -> 23700.784 | Q27: =SUM(Q7:Q26) -> 0
A28: Admin Walkway Reo Supply
A29: Ground Beam | C29: N12 Bar | D29: 0.098 | E29: tonne | F29: 1215 | G29: =D29*F29 -> 119.07 | Q29: =K29*L29 -> 0
A30: Ground Beam | C30: N16 Bar | D30: 0.0162 | E30: tonne | F30: 1215 | G30: =D30*F30 -> 19.683 | Q30: =K30*L30 -> 0
A31: Ground Beam | C31: N16 Bar | D31: 0.8959 | E31: tonne | F31: 1215 | G31: =D31*F31 -> 1088.5185 | Q31: =K31*L31 -> 0
A32: Ground Beam | C32: 3L11TM | D32: 82 | E32: Sheet | F32: 16.9 | G32: =D32*F32 -> 1385.8 | Q32: =K32*L32 -> 0
A33: SOG | C33: SL102 | D33: 24 | E33: sheet | F33: 93.6 | G33: =D33*F33 -> 2246.4 | Q33: =K33*L33 -> 0
A34: SOG | C34: SL82 | D34: 14 | E34: sheet | F34: 59.8 | G34: =D34*F34 -> 837.2 | Q34: =K34*L34 -> 0
A35: SOG | Q35: =K35*L35 -> 0
A36: SOG | Q36: =K36*L36 -> 0
A37: SOG | Q37: =K37*L37 -> 0
A38: SOG | Q38: =K38*L38 -> 0
A39: Area Total | G39: =SUM(G29:G38) -> 5696.6715 | Q39: =SUM(Q29:Q38) -> 0
A40: Hall Reo Supply
A41: Pad Footings | C41: N12 Bar | D41: 2.33 | E41: tonne | F41: 1215 | G41: =D41*F41 -> 2830.95 | K41: 1.768 | L41: 1215 | Q41: =SUM(K41,M41,O41)*F41 -> 2148.12 | R41: =D41-K41 -> 0.562 | S41: =G41-Q41 -> 682.83
A42: Pad Footings | C42: SL82 | D42: 8 | E42: sheet | F42: 59.8 | G42: =D42*F42 -> 478.4 | K42: 7 | L42: 59.8 | Q42: =SUM(K42,M42,O42)*F42 -> 418.6 | R42: =D42-K42 -> 1 | S42: =G42-Q42 -> 59.8
A43: Pad Footings | C43: 3L11TM | F43: 16.9 | K43: 6 | L43: 16.9 | Q43: =SUM(K43,M43,O43)*F43 -> 101.4 | R43: =D43-K43 -> -6 | S43: =G43-Q43 -> -101.4
A44: Ground Beams | C44: R10 ligs | D44: 2.16 | E44: tonne | F44: 1315 | G44: =D44*F44 -> 2840.4 | Q44: =SUM(K44,M44,O44)*F44 -> 0 | R44: =D44-K44 -> 2.16 | S44: =G44-Q44 -> 2840.4
A45: Ground Beams | C45: N12 Bar | D45: =0.39*1.05 -> 0.4095 | E45: tonne | F45: 1215 | G45: =D45*F45 -> 497.5425 | Q45: =SUM(K45,M45,O45)*F45 -> 0 | R45: =D45-K45 -> 0.4095 | S45: =G45-Q45 -> 497.5425
A46: Ground Beams | C46: N16 Bar | D46: 5.5 | E46: tonne | F46: 1215 | G46: =D46*F46 -> 6682.5 | Q46: =SUM(K46,M46,O46)*F46 -> 0 | R46: =D46-K46 -> 5.5 | S46: =G46-Q46 -> 6682.5
A47: Ground Beams | C47: N16 Bar | D47: 1.6381 | E47: tonne | F47: 1215 | G47: =D47*F47 -> 1990.2915 | Q47: =SUM(K47,M47,O47)*F47 -> 0 | R47: =D47-K47 -> 1.6381 | S47: =G47-Q47 -> 1990.2915
A48: Ground Beams | C48: 3L11TM | D48: 340 | E48: Sheet | F48: 16.9 | G48: =D48*F48 -> 5746 | Q48: =SUM(K48,M48,O48)*F48 -> 0 | R48: =D48-K48 -> 340 | S48: =G48-Q48 -> 5746
A49: SOG | C49: SL102 | D49: 187 | E49: Sheet | F49: 93.6 | G49: =D49*F49 -> 17503.2 | Q49: =SUM(K49,M49,O49)*F49 -> 0 | R49: =D49-K49 -> 187 | S49: =G49-Q49 -> 17503.2
A50: SOG | C50: N16 Bar | D50: 0.23 | E50: tonne | F50: 1215 | G50: =D50*F50 -> 279.45 | Q50: =SUM(K50,M50,O50)*F50 -> 0 | R50: =D50-K50 -> 0.23 | S50: =G50-Q50 -> 279.45
A51: Driveway | C51: SL82 | D51: =600/12 -> 50 | E51: Sheet | F51: 59.8 | G51: =D51*F51 -> 2990 | Q51: =SUM(K51,M51,O51)*F51 -> 0 | R51: =D51-K51 -> 50 | S51: =G51-Q51 -> 2990
A52: Driveway | C52: DDD 6mm | D52: 308 | E52: each | F52: 7.44 | G52: =D52*F52 -> 2291.52 | Q52: =SUM(K52,M52,O52)*F52 -> 0 | R52: =D52-K52 -> 308 | S52: =G52-Q52 -> 2291.52
A53: Driveway | C53: R10 ligs | D53: 0.06 | E53: tonne | F53: 1315 | G53: =D53*F53 -> 78.9 | Q53: =SUM(K53,M53,O53)*F53 -> 0 | R53: =D53-K53 -> 0.06 | S53: =G53-Q53 -> 78.9
A54: Driveway | C54: N12 Bar | D54: 0.27 | E54: tonne | F54: 1215 | G54: =D54*F54 -> 328.05 | Q54: =SUM(K54,M54,O54)*F54 -> 0 | R54: =D54-K54 -> 0.27 | S54: =G54-Q54 -> 328.05
A55: Bar Chairs for trenchmesh | D55: =340/100 -> 3.4 | E55: Bags | F55: 14.47 | G55: =D55*F55 -> 49.198 | Q55: =SUM(K55,M55,O55)*F55 -> 0 | R55: =D55-K55 -> 3.4 | S55: =G55-Q55 -> 49.198
A56: Bar Chairs for Mesh | D56: =((84.66+2237.697+600)/0.56)/100 -> 52.184946 | E56: Bags | F56: 14.47 | G56: =D56*F56 -> 755.11617 | K56: 12 | L56: 14.47 | Q56: =SUM(K56,M56,O56)*F56 -> 173.64 | R56: =D56-K56 -> 40.184946 | S56: =G56-Q56 -> 581.47617
A57: Plastic Membrane | D57: =2237.697/180 -> 12.43165 | E57: Rolls | F57: 74.57 | G57: =D57*F57 -> 927.02814 | K57: 5 | L57: 74.57 | Q57: =SUM(K57,M57,O57)*F57 -> 372.85 | R57: =D57-K57 -> 7.43165 | S57: =G57-Q57 -> 554.17814
A58: Tie Wire | D58: =(12.6*3)/2 -> 18.9 | E58: rolls | F58: 2.87 | G58: =D58*F58 -> 54.243 | K58: 10 | L58: 2.87 | Q58: =SUM(K58,M58,O58)*F58 -> 28.7 | R58: =D58-K58 -> 8.9 | S58: =G58-Q58 -> 25.543
A59: Reo Delivery | Q59: =SUM(K59,M59,O59)*F59 -> 0 | R59: =D59-K59 -> 0 | S59: =G59-Q59 -> 0
A60: Grey Tape | K60: 10 | Q60: =SUM(K60,M60,O60)*F60 -> 0 | R60: =D60-K60 -> -10 | S60: =G60-Q60 -> 0
A61: Area Total | G61: =SUM(G41:G60) -> 46322.789 | Q61: =SUM(Q41:Q60) -> 3243.31
A62: Hall Walkway Reo Supply
A63: Ground Beams | C63: N16 Bar | D63: 0.1109 | E63: tonne | F63: 1215 | G63: =D63*F63 -> 134.7435 | Q63: =K63*L63 -> 0
A64: Ground Beams | C64: N16 Bar | D64: 0.0341 | E64: tonne | F64: 1215 | G64: =D64*F64 -> 41.4315 | Q64: =K64*L64 -> 0
A65: Ground Beams | C65: 3L11TM | D65: 16 | E65: sheet | F65: 16.9 | G65: =D65*F65 -> 270.4 | Q65: =K65*L65 -> 0
A66: SOG | C66: SL102 | D66: 6 | E66: sheet | F66: 93.6 | G66: =D66*F66 -> 561.6 | Q66: =K66*L66 -> 0
A67: SOG | C67: SL82 | D67: 11 | E67: sheet | F67: 59.8 | G67: =D67*F67 -> 657.8 | Q67: =K67*L67 -> 0
A68: SOG | C68: N16 Bar | D68: 0.01 | E68: tonne | F68: 1215 | G68: =D68*F68 -> 12.15 | Q68: =K68*L68 -> 0
A69: SOG | Q69: =K69*L69 -> 0
A70: SOG | Q70: =K70*L70 -> 0
A71: SOG | Q71: =K71*L71 -> 0
A72: Area Total | G72: =SUM(G63:G71) -> 1678.125 | Q72: =SUM(Q63:Q71) -> 0
A73: Courts Reo Supply
A74: Ground Beams | C74: N16 Bar | D74: 6.52 | E74: tonne | F74: 1215 | G74: =D74*F74 -> 7921.8 | Q74: =K74*L74 -> 0
A75: Ground Beams | C75: N16 Bar | D75: 0.14 | E75: tonne | F75: 1215 | G75: =D75*F75 -> 170.1 | Q75: =K75*L75 -> 0
A76: Ground Beams | C76: 3L11TM | D76: 98 | E76: Sheet | F76: 16.9 | G76: =D76*F76 -> 1656.2 | Q76: =K76*L76 -> 0
A77: SOG | C77: SL102 | D77: 180 | E77: Sheet | F77: 93.6 | G77: =D77*F77 -> 16848 | Q77: =K77*L77 -> 0
A78: SOG | C78: N16 Bar | D78: 0.25 | E78: tonne | F78: 1215 | G78: =D78*F78 -> 303.75 | Q78: =K78*L78 -> 0
A79: SOG | Q79: =K79*L79 -> 0
A80: SOG | Q80: =K80*L80 -> 0
A81: SOG | Q81: =K81*L81 -> 0
A82: Area Total | G82: =SUM(G74:G81) -> 26899.85 | Q82: =SUM(Q74:Q81) -> 0
A83: Sundries
A84: Bar Chairs for trenchmesh | D84: 46 | E84: Bags | F84: 14.47 | G84: =D84*F84 -> 665.62 | Q84: =K84*L84 -> 0
A85: Bar Chairs for Mesh | D85: 95 | E85: Bags | F85: 14.47 | G85: =D85*F85 -> 1374.65 | Q85: =K85*L85 -> 0
A86: Plastic Membrane | D86: 34 | E86: rolls | F86: 74.57 | G86: =D86*F86 -> 2535.38 | Q86: =K86*L86 -> 0
A87: Tie Wire | D87: =(30*3)/2 -> 45 | E87: rolls | F87: 2.87 | G87: =D87*F87 -> 129.15 | Q87: =K87*L87 -> 0
A88: Pod Freight | D88: 13 | E88: each | F88: 1100 | G88: =D88*F88 -> 14300 | Q88: =K88*L88 -> 0
A89: Pod Rails | D89: 294 | E89: Bag | F89: 12.5 | G89: =D89*F89 -> 3675 | Q89: =K89*L89 -> 0
A90: Reo Delivery | D90: 6 | E90: each | F90: 750 | G90: =D90*F90 -> 4500 | Q90: =K90*L90 -> 0
A91: Pod Scrap Collection | D91: 11 | E91: times | F91: 65 | G91: =D91*F91 -> 715 | Q91: =K91*L91 -> 0
A92: Area Total | G92: =SUM(G84:G91) -> 27894.8 | Q92: =SUM(Q84:Q91) -> 0
D93: =SUM(D7:D92) -> 2454.2105 | G93: =SUM(G27+G39+G61+G72+G82+G92) -> 132193.02 | H93: =SUM(H7:H92) -> 0 | I93: =SUM(I7:I92) -> 0 | L93: =SUM(L7:L92) -> 1383.61 | Q93: =SUM(Q7:Q92) -> 6486.62
U94: Check
A95: TOTAL DELIVERIES $ COST | L95: =SUM('STEEL DOCKET ENTRY'!AC52) -> 0 | U95: =L95-L93 -> -1383.61
A96: TOTAL INVOICES PROCESSED:
K97: Other Invoices Processed on Code | Q97: see below ancon waffles
K98: Pending Invoices in Jobpac
A99: FORECAST TO GO | Q99: 55 sheets @ $79.3/ sheet see costx
K100: Left on Purchase Order
A101: FORECAST FINAL COST

Sheet STEEL DOCKET ENTRY
G2: REO DEL DOCKET ENTRY | Z2: INVOICE ENTRY | AI2: Reo Fix MCU
G3: 1215 | H3: 1315 | K3: 16.9 | L3: 93.6 | M3: 59.8 | N3: 46.8 | V3: 74.57 | Z3: $ | AB3: 115 | AI3: 640 | AJ3: 3 | AK3: 1000 | AL3: 15
B4: ENTER↓ | C4: ↓ | D4: ↓ | E4: ↓ | F4: ↓ | G4: ↓ | H4: ↓ | I4: ↓ | J4: ↓ | K4: ↓ | L4: ↓ | M4: ↓ | N4: ↓ | O4: ↓ | P4: ↓ | Q4: ↓ | R4: ↓ | S4: ↓ | T4: ↓ | U4: ↓ | V4: ↓ | W4: ↓ | X4: ↓ | Z4: ↓ | AA4: ↓ | AB4: ↓ | AD4: ↓ | AE4: ↓
B5: Delivery Date | C5: Doc No | D5: Schedule No | E5: Zone | F5: I.D No. | G5: Qty (t) | H5: Special (t) | I5: L12TM4 | J5: L12TM3 | K5: L11TM3 | L5: Mesh 102 | M5: Mesh 82 | N5: Mesh 72 | O5: 40/50 Deck Chairs/100bg | P5: 50/65 Bar Chairs/100bg | Q5: Tie Wire each | R5: Grey Tape | S5: 180/230 Metal Bases | T5: 150mm Top Deck Chairs | U5: 180mm Top Deck Chairs | V5: Black Plastic | W5: Gal Dowels Round | X5: Gal Dowels Diamond | Y5: Cradles | Z5: Reo Soks | AA5: Extras $ | AB5: Dels | AC5: Total Cost | AD5: Inv. Number | AE5: INV Date | AF5: INV Cost. | AG5: var | AI5: tonne | AJ5: mesh | AK5: columns | AL5: stairs/each landing | AM5: Total | AN5: INV | AO5: INV Date | AP5: Inv total | AQ5: var
AC6: =SUM(G6*$G$3)+(M6*M$3)+(N6*N$3)+(O6*O$3)+(H6*$H$3)+(L6*$L$3)+(P6*$P$3)+(Q6*$Q$3)+(R6*$R$3)+(S6*$S$3)+(T6*$T$3)+(U6*$U$3)+(V6*$V$3)+(W6*$W$3+(X6*$X$3)+(Y6*$Y$3)+AA6+AB6) -> 0 | AF6: 973.9
AC7: =SUM(G7*$G$3)+(H7*$H$3)+(L7*$L$3)+(P7*$P$3)+(Q7*$Q$3)+(V7*$V$3)+(W7*$W$3+(X7*$X$3)+(Y7*$Y$3)+AA7) -> 0 | AF7: 10905.97 | AQ7: =SUM(AP7-AM7-#REF!) -> #REF!
AC23: =SUM(G23*$G$3)+(H23*$H$3)+(L23*$L$3)+(P23*$P$3)+(Q23*$Q$3)+(V23*$V$3)+(W23*$W$3+(X23*$X$3)+(Y23*$Y$3)+AA23)+AB23+(M23*M3) -> 0 | AF23: 1677.41 | AQ23: =AP23-AM23 -> 0
AC24: =SUM(G24*$G$3)+(H24*$H$3)+(L24*$L$3)+(P24*$P$3)+(Q24*$Q$3)+(V24*$V$3)+(W24*$W$3+(X24*$X$3)+(Y24*$Y$3)+AA24) -> 0 | AQ24: =AP24-AM24 -> 0
AQ25: =AP25-AM25 -> 0
AQ26: =AP26-AM26 -> 0
AQ27: =AP27-AM27 -> 0
AQ28: =AP28-AM28 -> 0
AQ29: =AP29-AM29 -> 0
AQ30: =AP30-AM30 -> 0
AQ31: =AP31-AM31 -> 0
AQ32: =AP32-AM32 -> 0
AQ33: =AP33-AM33 -> 0
AQ34: =AP34-AM34 -> 0
AQ35: =AP35-AM35 -> 0
AQ36: =AP36-AM36 -> 0
... AQ49: =AP49-AM49 -> 0
G52: =SUM(G6:G51) -> 0 | H52: =SUM(H6:H51) -> 0 | I52: =SUM(I7:I51) -> 0 | J52: =SUM(J7:J51) -> 0 | K52: =SUM(K7:K51) -> 0 | L52: =SUM(L6:L51) -> 0 | M52: =SUM(M6:M51) -> 0 | N52: =SUM(N6:N51) -> 0 | O52: =SUM(O6:O51) -> 0 | P52: =SUM(P6:P51) -> 0 | Q52: =SUM(Q6:Q51) -> 0 | R52: =SUM(R6:R51) -> 0 | S52: =SUM(S6:S51) -> 0 | ... AB52: =SUM(AB6:AB51) -> 0 | AC52: =SUM(AC7:AC51) -> 0 | AD52: =SUM(AD7:AD51) -> 0 | AE52: =SUM(AE7:AE51) -> 0 | AF52: =SUM(AF7:AF51) -> 12583.38 | AG52: =SUM(AG7:AG51) -> 0 | AI52: =SUM(AI7:AI51) -> 0 | AJ52: =SUM(AJ7:AJ51) -> 0 | AK52: =SUM(AK7:AK51) -> 0 | AL52: =SUM(AL7:AL51) -> 0 | AM52: =SUM(AM7:AM51) -> 0 | AP52: =SUM(AP7:AP51) -> 0 | AR52: TOTAL JAN | AS52: FFC | AT52: =SUM(AT50:AT51)+AP52+#REF!+#REF! -> #REF!
